 Dungeon Crawl Stone Soup version 0.30.0 (webtiles) character file.

Game seed: 11478257523052488100

1118 bonscott the Magician (level 8, -7/58 HPs)
             Began as a Djinni Fire Elementalist on Nov 3, 2023.
             Was an Initiate of Makhleb.
             Mangled by Prince Ribbit (16 damage)
             ... on level 6 of the Dungeon.
             The game lasted 00:34:42 (4188 turns).

bonscott the Magician (Djinni Fire Elementalist)    Turns: 4188, Time: 00:34:43

Health: -7/58      AC:  2    Str:  7    XL:     8   Next: 60%
Gold:   155        EV: 12    Int: 18    God:    Makhleb [......] SH:  0 Dex: 15

rFire   + + .        u - staff of cold
rCold   . . .        (no shield)
rNeg    . . .        a - +0 robe
rPois   ∞            (no helmet)
rElec   .            (no cloak)
rCorr   .            (no gloves)
SInv    .            (boots unavailable)
Will    .....        (no amulet)
Stlth   ++           (no ring)
HPRegen 0.29/turn    (no ring)
MPRegen 0.00/turn

%: infuse magic (-8 HP)
@: flying
A: sickness immunity, fire resistance 2, cold vulnerability 1, float, innate
caster, HP casting, extra vitality 1
a: Renounce Religion


You were on level 6 of the Dungeon.
You worshipped Makhleb.
Makhleb was noncommittal.
You visited 2 branches of the dungeon, and saw 7 of its levels.

You collected 155 gold pieces.

Inventory:

Hand Weapons
 i - a +0 dagger
 k - a +0 spear of venom
 m - a +0 sling
 x - a +1 whip of flaming
Missiles
 d - 28 stones
 e - 9 poisoned darts
 y - 6 boomerangs
Armour
 a - a +0 robe (worn)
 o - a +0 ring mail
 p - a +0 leather armour
 C - a +0 pair of gloves
Magical Staves
 u - a staff of cold (weapon)
 v - a staff of poison
Wands
 h - a wand of flame (15)
 w - a wand of polymorph (4)
 A - a wand of roots (10)
Scrolls
 l - 2 scrolls of enchant armour {unknown}
 q - a scroll of vulnerability {unknown}
 t - a scroll of fog {unknown}
Potions
 b - a potion of magic
 c - 3 potions of degeneration
 f - a potion of ambrosia {unknown}
 j - 3 potions of mutation
 n - a potion of resistance {unknown}
 r - 2 potions of heal wounds
 s - a potion of berserk rage {unknown}
 z - a potion of curing {unknown}
 B - a potion of lignification {unknown}


   Skills:
 + Level 4.9 Fighting
 - Level 2.1 Dodging
 - Level 1.5 Stealth
 + Level 6.6 Spellcasting


You knew the following spells:

 Your Spells              Type           Power      Damage    Failure   Level
a - Apportation           Tloc           60%        N/A       1%          1
b - Scorch                Fire           60%        2d7       1%          2
c - Volatile Blastmotes   Fire/Tloc      60%        2d15      2%          3
d - Inner Flame           Hex/Fire       30%        N/A       2%          3
e - Flame Wave            Conj/Fire      30%        2d9       7%          4
f - Foxfire               Conj/Fire      100%       2x1d9     1%          1
g - Searing Ray           Conj           60%        2d6       1%          2
h - Hailstorm             Conj/Ice       45%        3d10      2%          3
Your spell library was empty.

Dungeon Overview and Level Annotations

Branches:
Dungeon (6/15)             Temple (1/1) D:4

Altars:
Ashenzari
Cheibriados
Dithmenos
Elyvilon
Fedhas
Gozag
Hepliaklqana
Makhleb
Nemelex Xobeh
Okawaru
Qazlal
Trog
Wu Jian
Xom
Yredelemnul
Zin
The Shining One

Annotations:
D:5 Grinder
D:6 Prince Ribbit


Innate Abilities, Weirdness & Mutations

You are immune to sickness and miasma.
You are immune to poison.
Your flesh is very heat resistant. (rF++)
You are vulnerable to cold. (rC-)
You float through the air rather than walking.
You learn spells naturally, not from books.
Your magical power is your life essence.
You have superior vitality. (+4 MHP)


Message History

C - a +0 pair of gloves
Found a wand of polymorph (5).
Grinder comes into view.
Found a hand axe.
Casting: Foxfire (safe; 1% risk of failure)
Confirm with . or Enter, or press ? or * to list all spells.
A cloud of volatile blastmotes flares up around you!
Grinder shouts!
You hear a croak.
Prince Ribbit comes into view.
Casting: Volatile Blastmotes (dangerous; 2% risk of failure)
Confirm with . or Enter, or press ? or * to list all spells.
A cloud of volatile blastmotes flares up around you!
Prince Ribbit blinks!
Grinder gestures at you.
You suddenly lose the ability to move!
Grinder gestures at you. Pain shoots through your body!
The cloud of blastmotes explodes!
The concussive blast engulfs Prince Ribbit!!
Prince Ribbit is heavily wounded.
The concussive blast engulfs Grinder!
Grinder is moderately wounded.
The cloud of blastmotes explodes!
The concussive blast engulfs Prince Ribbit.
Prince Ribbit is severely wounded.
Prince Ribbit is knocked back by the blast.
Grinder blinks!
You can move again.
Prince Ribbit hits you!!
Prince Ribbit catches a centipede with his tongue.
There is a stone staircase leading down here.
You can't go up here!
Prince Ribbit hits you!
* * * LOW HITPOINT WARNING * * *
You fly downwards.
There is a stone staircase leading up here.
The air fills with toxic fumes!
As you read the scroll of poison, it crumbles to dust.
The kobold shouts!
You hear a shout! x2
Prince Ribbit hits you!
You die...

# ######§##
#§§§§§§§§
K§§####§§§§§#
#§§§§§§F§§§§#
#@§§§§#
#§§§§§#
#######


You could see Prince Ribbit and a kobold.

Vanquished Creatures
  Pikel (D:4)
  An ogre (D:4)
  A sky beast (D:4)
  3 scorpions
  Dowan (D:4)
  An orc priest (D:4)
  An iguana (D:5)
  A sleepcap (D:4)
  5 adders
  4 gnolls (D:4)
  2 worms
  A dart slug (D:1)
  9 orcs (D:4)
  8 endoplasms
  6 giant cockroaches
  10 goblins
  9 hobgoblins
  4 jackals (D:2)
  3 kobolds
  2 quokkas
  7 ball pythons
  5 bats
  5 frilled lizards (D:2)
  3 rats
93 creatures vanquished.

Vanquished Creatures (others)
  369 foxfires
  5 fungi (D:2)
  7 plants (D:2)
381 creatures vanquished.

Grand Total: 474 creatures vanquished

Notes
Turn   | Place    | Note
-------+----------+-------------------------------------------
     0 | D:1      | bonscott the Djinni Fire Elementalist began the quest for
                  | the Orb.
     0 | D:1      | bonscott set off with the following spells memorised:
                  | Foxfire, Scorch, Volatile Blastmotes, Inner Flame, Flame
                  | Wave.
     0 | D:1      | Reached XP level 1. HP: 15/15 MP: 0/0
   106 | D:1      | Reached XP level 2. HP: 17/21 MP: 0/0
   197 | D:1      | Reached skill level 3 in Spellcasting
   583 | D:1      | Reached XP level 3. HP: 24/25 MP: 0/0
   583 | D:1      | Learned a level 1 spell: Apportation
   944 | D:2      | Reached XP level 4. HP: 24/31 MP: 0/0
  1002 | D:2      | Found a faded altar of an unknown god.
  1514 | D:2      | Reached skill level 4 in Spellcasting
  1968 | D:3      | Found a basalt altar of Yredelemnul.
  2372 | D:4      | Found a bloodstained altar of Trog.
  2377 | D:4      | Noticed an ogre
  2390 | D:4      | Killed an ogre
  2391 | D:4      | Reached XP level 5. HP: 29/38 MP: 0/0
  2391 | D:4      | Learned a level 2 spell: Searing Ray
  2405 | D:4      | Noticed a sky beast
  2406 | D:4      | Reached XP level 6. HP: 30/43 MP: 0/0
  2482 | D:4      | Found a sparkling altar of Nemelex Xobeh.
  2482 | D:4      | Found an opulent altar of Gozag.
  2834 | D:4      | Found a stormy altar of Qazlal.
  2937 | D:4      | Killed a sky beast
  3120 | D:4      | Reached XP level 7. HP: 48/50 MP: 0/0
  3120 | D:4      | Learned a level 3 spell: Hailstorm
  3149 | D:4      | Found a staircase to the Ecumenical Temple.
  3159 | D:4      | Noticed Pikel
  3175 | D:4      | Killed Pikel
  3176 | D:4      | Reached skill level 6 in Spellcasting
  3176 | D:4      | Reached XP level 8. HP: 46/58 MP: 0/0
  3230 | Temple   | Entered the Ecumenical Temple
  3264 | Temple   | Became a worshipper of Makhleb the Destroyer
  3515 | D:4      | Noticed Dowan
  3520 | D:4      | Killed Dowan
  3524 | D:4      | Noticed Duvessa
  3532 | D:4      | Duvessa changed into Duvessa the scorpion
  3532 | D:4      | Noticed Duvessa
  3593 | D:4      | Killed Duvessa the scorpion
  3943 | D:5      | Entered Level 5 of the Dungeon
  4173 | D:5      | Noticed Grinder
  4174 | D:5      | Noticed Prince Ribbit
  4179 | D:5      | Paralysed by Grinder for 5 turns
  4188 | D:6      | Mangled by Prince Ribbit

Illustrated notes

Levels and vault maps discovered:
D:1:      lightli_arrival_maybe_door_vault, layout_basic, serial_curves,
          eino_curves_03, eino_curves_04
D:2:      layout_loops_corners, shapermc_ecumenical_altar_mp_urbaneastern,
          basic_altar
D:3:      layout_basic, mainiacjoe_overflow_small_starburst, st_stairs_12,
          minmay_misc_feat_nine_boxes
D:4:      layout_basic, mainiacjoe_overflow_concentric_impassable,
          nicolae_qazlal_beasts_of_the_sky, grunt_temple_overflow_opulence,
          minmay_temple_entry_wispy, kennysheep_small_spiral, uniq_duvessa,
          uniq_pikel
D:5:      layout_rooms, mainiacjoe_overflow_alcove_4, uniq_prince_ribbit1,
          uniq_grinder
D:6:      layout_loops_cross, minmay_misc_feat_tiny, minmay_misc_feat_encased,
          nicolae_specific_store
Temple:   nicolae_temple_ecumenical_triangle

Skill      XL: |  1  2  3  4  5  6  7 |
---------------+----------------------+-----
Spellcasting   | 3 4 6 |  6.6
Fighting       | 2 3 4 |  4.9
Dodging        | |  2.1
Stealth        | |  1.5

Action                     |  1- 3 |  4- 6 |  7- 9 || total
---------------------------+-------+-------+-------++-------
  Melee: Hand axe          |     6 |       |       ||     6
         Punch             |     1 |       |       ||     1
         Spear             |     2 |    24 |       ||    26
         Staff             |       |       |     2 ||     2
  Throw: Dart              |       |       |     1 ||     1
   Cast: Foxfire           |    78 |    96 |    60 ||   234
         Volatile Blastmot |       |     4 |    10 ||    14
  Evoke: Wand              |       |       |     1 ||     1
    Use: Scroll            |       |     4 |     5 ||     9
   Stab: Sleeping          |       |     1 |       ||     1
 Armour: Robe              |     5 |     3 |       ||     8
  Dodge: Dodged            |    16 |    14 |     2 ||    32
